 Dungeon Crawl Stone Soup version 0.29.1-13-g9f3cf754e1 (webtiles) character file.

Game seed: 10369713053547916620

2066 Iago the Skirmisher (level 9, 0/44 HPs)
             Began as a Spriggan Hunter on Jan 30, 2023.
             Slain by a hornet (9 damage)
             ... while paralysed by a hornet
             ... on level 7 of the Dungeon.
             The game lasted 00:29:44 (5543 turns).

Iago the Skirmisher (Spriggan Hunter)               Turns: 5543, Time: 00:29:45

Health: 0/44       AC:  4    Str: 13    XL:     9   Next: 5%
Magic:  13/13      EV:  4    Int: 11    God:
Gold:   388        SH:  0    Dex: 22    Spells: 11/12 levels left

rFire   + . .      SeeInvis +   a - +0 shortbow
rCold   x . .      Faith    .   (shield currently unavailable)
rNeg    . . .      Spirit   .   x - +2 robe
rPois   .          Reflect  .   (helmet restricted)
rElec   .          Harm     .   (no cloak)
rCorr   .          Rampage  .   (gloves unavailable)
Will    +....                   (boots unavailable)
Stlth   +++.......              n - amulet of regeneration
HPRegen 0.94/turn               i - +6 ring of strength
MPRegen 0.13/turn               z - ring of fire

@: paralysed, lethally poisoned (0 -> -8), slowed, very quick
A: very small, no large weapons, unfitting armour, see invisible, speed 3
a: no special abilities


You were on level 7 of the Dungeon.
You visited 2 branches of the dungeon, and saw 8 of its levels.

You collected 388 gold pieces.

Inventory:

Hand Weapons
 a - a +0 shortbow (weapon)
 b - a +0 dagger of venom
Missiles
 j - 14 poisoned darts
Armour
 x - a +2 robe (worn)
Jewellery
 i - a +6 ring of strength (left hand)
 n - an amulet of regeneration (around neck)
 z - a ring of fire (right hand)
Wands
 k - a wand of paralysis (7)
 A - a wand of polymorph (23)
Scrolls
 e - a scroll of immolation
 g - 2 scrolls of teleportation {unknown}
 l - 3 scrolls of magic mapping {unknown}
 o - 2 scrolls of enchant armour {unknown}
 p - a scroll of silence {unknown}
 q - 15 scrolls of identify {unknown}
 s - 2 scrolls of butterflies {unknown}
 y - a scroll of summoning {unknown}
Potions
 c - a potion of might {unknown}
 d - a potion of mutation {unknown}
 f - 2 potions of heal wounds {unknown}
 h - a potion of curing {unknown}
 m - a potion of magic {unknown}
 r - a potion of ambrosia {unknown}
 t - a potion of resistance {unknown}
 u - 3 potions of attraction {unknown}
 v - a potion of invisibility
 w - a potion of flight {unknown}
 B - a potion of berserk rage {unknown}
 C - 3 potions of lignification {unknown}
 D - a potion of haste {unknown}
 E - a potion of experience {unknown}


   Skills:
 - Level 3.0 Fighting
 - Level 1.1 Short Blades
 * Level 10.3 Ranged Weapons
 * Level 5.4 Dodging
 * Level 4.2 Stealth
 - Level 2.2 Spellcasting
 - Level 1.0 Summonings
 * Level 2.2 Invocations
 * Level 3.0 Evocations


You had 11 spell levels left.
You knew the following spells:

 Your Spells              Type           Power      Damage    Failure   Level
a - Summon Small Mammal   Summ           12%        N/A       19%         1

Your spell library contained the following spells:

 Spells                   Type           Power      Damage    Failure   Level
 Beastly Appendage        Tmut           2%         N/A       28%         1
 Necrotise                Necr           4%         1d4       28%         1
 Scorch                   Fire           2%         2d5       41%         2
 Wereblood                Tmut           1%         N/A       41%         2
 Call Canine Familiar     Summ           3%         N/A       50%         3
 Summon Guardian Golem    Hex/Summ       2%         N/A       56%         3
 Spider Form              Tmut/Pois      1%         N/A       65%         3
 Vampiric Draining        Necr           1%         2d6       65%         3
 Flame Wave               Conj/Fire      1%         2d4       96%         4
 Agony                    Necr           1%         N/A       100%        5
 Summon Cactus Giant      Summ           1%         N/A       100%        6


Dungeon Overview and Level Annotations

Branches:
Dungeon (7/15)             Temple (1/1) D:4

Altars:
Ashenzari
Cheibriados
Dithmenos
Elyvilon
Fedhas
Kikubaaqudgha
Nemelex Xobeh
Okawaru
Sif Muna
Trog
Uskayaw
Vehumet
Wu Jian
Xom
Yredelemnul
Zin
The Shining One

Shops:
D:4 ?

Annotations:
D:5 3 runed translucent doors, DildoBatman's ghost, novice FoCj


Innate Abilities, Weirdness & Mutations

You are very small and have problems with some larger weapons.
You are too small for most types of armour.
You have supernaturally acute eyesight. (SInv)
You cover ground extremely quickly. (Speed+++)


Message History

The howler monkey howls!
The howler monkey is moderately wounded.
You shoot an arrow. The arrow hits the howler monkey!
The howler monkey is severely wounded.
You shoot an arrow. The arrow hits the howler monkey!
You kill the howler monkey!
No target in view!
You see here a howler monkey corpse.
A hornet comes into view.
You shoot an arrow. The arrow hits the hornet!
The hornet buzzes angrily.
The hornet is moderately wounded.
You hear a howl!
You hear a shout!
A centaur comes into view.
You shoot an arrow. The arrow hits the centaur.
The centaur is lightly wounded.
The centaur wields a +0 shortbow.
The centaur shoots an arrow.
The arrow completely misses you.
You shoot an arrow.
The arrow hits the hornet but does no damage.
The hornet is moderately wounded.
The centaur shoots an arrow.
The arrow barely misses you.
You shoot an arrow. The arrow closely misses the hornet.
The centaur shoots an arrow.
The arrow hits you!
A howler monkey comes into view.
The hornet completely misses you.
The centaur shoots an arrow.
The arrow misses you.
You shoot an arrow. The arrow hits the hornet.
The hornet is moderately wounded.
The hornet stings you!
You feel yourself slow down. The hornet attacks as you move away!
The hornet stings you.
You are poisoned.
You suddenly lose the ability to move!
You feel yourself speed up.
You feel very sick.
You feel sick. The hornet stings you!
* * * LOW HITPOINT WARNING * * *
You are more poisoned.
You feel yourself slow down. The hornet stings you!
You die...

..#.############.##.#############
#.#............#.##.#
#...##.[..####.#.##.#
###.##..<.####.#.##.#
.......(.........##)#
....#.....##.....##.#
....#.....##.....##.#
....#.....######†##.# ....##...##
#@# ....#.....# ####y##
....#.......#.....#
....#.............#
#######.........c.# #......###.##
# . #......# #h##.#...# #......#
#........# .......# #........#


You could see a hornet, a centaur and a howler monkey.

Vanquished Creatures
  2 steam dragons
  A water moccasin (D:7)
  An ice beast (D:6)
  4 black bears
  2 ogres
  A centaur (D:4)
  A phantom (D:4)
  Blork the orc (D:4)
  A scorpion (D:3)
  3 howler monkeys
  3 jellies
  2 orc priests
  8 hounds
  2 iguanas
  3 orc wizards
  3 gnolls (D:3)
  6 adders
  An ufetubus (D:5)
  A worm (D:2)
  4 dart slugs
  15 orcs
  5 endoplasms
  7 giant cockroaches
  6 goblins
  7 hobgoblins
  3 quokkas
  4 ball pythons
  7 bats
  4 frilled lizards
  11 kobolds
  8 rats
127 creatures vanquished.

Vanquished Creatures (collateral kills)
  A shadow imp (D:6)
  An orc (D:6)
2 creatures vanquished.

Vanquished Creatures (others)
  2 fungi (D:5)
  A plant (D:5)
3 creatures vanquished.

Grand Total: 132 creatures vanquished

Notes
Turn   | Place    | Note
-------+----------+-------------------------------------------
     0 | D:1      | Iago the Spriggan Hunter began the quest for the Orb.
     0 | D:1      | Reached XP level 1. HP: 10/10 MP: 2/2
   147 | D:1      | Reached XP level 2. HP: 12/15 MP: 3/3
   583 | D:1      | Reached XP level 3. HP: 18/18 MP: 4/4
  1110 | D:2      | Reached skill level 5 in Ranged Weapons
  1246 | D:2      | Found an ornate altar of the Wu Jian Council.
  1883 | D:3      | Reached XP level 4. HP: 23/23 MP: 5/5
  1992 | D:3      | Found a white marble altar of Elyvilon.
  2017 | D:3      | Found a faded altar of an unknown god.
  2029 | D:3      | Noticed a scorpion
  2032 | D:3      | Killed a scorpion
  2033 | D:3      | Reached skill level 6 in Ranged Weapons
  2033 | D:3      | Reached XP level 5. HP: 26/26 MP: 6/6
  2408 | D:4      | Found a basalt altar of Yredelemnul.
  2442 | D:4      | Found a staircase to the Ecumenical Temple.
  2450 | D:4      | Noticed a phantom
  2484 | D:4      | Killed a phantom
  2521 | Temple   | Entered the Ecumenical Temple
  2674 | D:4      | Found Aruileci's Magic Scroll Shoppe.
  2688 | D:4      | Found a hide-covered altar of Uskayaw.
  2858 | D:4      | Reached XP level 6. HP: 32/32 MP: 7/7
  3030 | D:4      | Learned a level 1 spell: Summon Small Mammal
  3104 | D:4      | Reached skill level 7 in Ranged Weapons
  3187 | D:4      | Noticed Blork the orc
  3220 | D:4      | Killed Blork the orc
  3364 | D:5      | Entered Level 5 of the Dungeon
  3388 | D:5      | Reached skill level 1 in Spellcasting
  3490 | D:4      | Reached XP level 7. HP: 35/35 MP: 10/10
  3623 | D:4      | Reached skill level 1 in Short Blades
  3634 | D:5      | Reached skill level 8 in Ranged Weapons
  3634 | D:5      | Reached skill level 1 in Summonings
  3750 | D:5      | Found a blossoming altar of Fedhas.
  3813 | D:5      | Found a glowing golden altar of the Shining One.
  3840 | D:5      | Found a runed translucent gate.
  3841 | D:5      | Found a runed translucent gate.
  3841 | D:5      | Noticed DildoBatman's ghost (novice FoCj)
  3842 | D:5      | Found a runed translucent gate.
  4247 | D:6      | Reached skill level 1 in Evocations
  4336 | D:6      | Reached XP level 8. HP: 40/40 MP: 10/12
  4443 | D:6      | Reached skill level 1 in Invocations
  4600 | D:6      | Reached skill level 9 in Ranged Weapons
  4716 | D:6      | Reached skill level 5 in Dodging
  5298 | D:7      | Reached skill level 10 in Ranged Weapons
  5397 | D:7      | Reached XP level 9. HP: 41/44 MP: 13/13
  5542 | D:7      | Paralysed by a hornet for 1 turns
  5543 | D:7      | Slain by a hornet

Illustrated notes

Levels and vault maps discovered:
D:1:      evilmike_arrival_rings, layout_basic, minmay_unequal
D:2:      layout_basic, basic_altar
D:3:      layout_basic, mainiacjoe_overflow_small_starburst,
          ebering_ecumenical_altar_box, nicolae_titane
D:4:      layout_loops_ring, mainiacjoe_overflow_catwalk,
          nicolae_uskayaw_dance_hall, minmay_temple_entry_tees, serial_shops,
          nicolae_shop_hallway_plus, uniq_blork_the_orc
D:5:      layout_basic, kennysheep_mini_moat, nicolae_tso_carved_into_rock,
          gammafunk_ghost_nasty_kobolds, hangedman_minor_gate_pass
D:6:      layout_cave_pools, minivault_25, columned_hall_lemuel,
          grunt_ministairs_13, st_stairs_1, amcnicky_mini_pool_small
D:7:      layout_basic
Temple:   jpeg_temple_clearing

Skill      XL: |  1  2  3  4  5  6  7  8 |
---------------+-------------------------+-----
Ranged Weapons | 5 6 7 8 10 | 10.3
Fighting       | 2 3 |  3.0
Dodging        | 3 4 5 |  5.4
Spellcasting   | 1 2 |  2.2
Short Blades   | 1 |  1.1
Summonings     | 1 |  1.0
Stealth        | 2 4 |  4.2
Evocations     | 1 3 |  3.0
Invocations    | 2 |  2.2

Action                   |  1- 3 |  4- 6 |  7- 9 || total
-------------------------+-------+-------+-------++-------
Melee: Short sword       |     9 |       |       ||     9
       Dagger            |       |    22 |    44 ||    66
       Punch             |       |     1 |     2 ||     3
 Fire: Shortbow          |    98 |   109 |   190 ||   397
 Cast: Summon Small Mamm |       |     8 |     9 ||    17
Armor: Robe              |     9 |     6 |    13 ||    28
Dodge: Dodged            |    40 |    30 |   141 ||   211
